 Dungeon Crawl Stone Soup version 0.29.0-5-ge4962eb29e (webtiles) character file.

Game seed: 2777841601642482836

154 Arum the Covered (level 5, -3/43 HPs)
             Began as a Formicid Fighter on Aug 29, 2022.
             Slain by Grinder (6 damage)
             ... on level 3 of the Dungeon.
             The game lasted 00:02:23 (1974 turns).

Arum the Covered (Formicid Fighter)                 Turns: 1974, Time: 00:02:24

Health: -3/43      AC:  7    Str: 22    XL:     5   Next: 62%
Magic:  5/5        EV:  9    Int:  8    God:
Gold:   119        SH:  5    Dex: 13    Spells: 4/4 levels left

rFire   . . .      SeeInvis +   a - +0 war axe
rCold   . . .      Faith    .   c - +0 buckler
rNeg    . . .      Spirit   .   b - +0 scale mail
rPois   .          Reflect  .   (helmet unavailable)
rElec   .          Harm     .   (no cloak)
rCorr   .          Rampage  .   (no gloves)
Will    .....                   (no boots)
Stlth   ..........              (no amulet)
HPRegen 0.14/turn               (no ring)
MPRegen 0.09/turn               (no ring)

@: no status effects
A: permanent stasis, dig shafts and tunnels, antennae 3, four strong arms
a: Dig, Shaft Self


You were on level 3 of the Dungeon.
You visited 1 branch of the dungeon, and saw 3 of its levels.

You collected 119 gold pieces.

Inventory:

Hand Weapons
 a - a +0 war axe (weapon)
Missiles
 l - a boomerang of dispersal
Armour
 b - a +0 scale mail (worn)
 c - a +0 buckler (worn)
Scrolls
 e - a scroll of amnesia {unknown}
 f - a scroll of noise {unknown}
 h - a scroll of butterflies {unknown}
 i - 3 scrolls of identify {unknown}
 j - a scroll of magic mapping {unknown}
 k - 2 scrolls of enchant weapon {unknown}
 o - a scroll of fear {unknown}
Potions
 d - a potion of might
 g - a potion of resistance {unknown}
 m - a potion of curing {unknown}
 n - 2 potions of heal wounds {unknown}
 p - a potion of ambrosia {unknown}


   Skills:
 + Level 4.5 Fighting
 + Level 3.4 Axes
 + Level 4.5 Armour
 - Level 4.0 Shields


You had 4 spell levels left.
You didn't know any spells.
Your spell library contained the following spells:

 Spells                   Type           Power      Damage    Failure   Level
 Portal Projectile        Hex/Tloc       0%         N/A       99%         3
 Tukima's Dance           Hex            0%         N/A       99%         3
 Passage of Golubria      Tloc           0%         N/A       100%        4
 Blade Hands              Tmut           0%         N/A       100%        5
 Yara's Violent Unravell  Hex/Tmut       0%         3d3       100%        5


Dungeon Overview and Level Annotations

Branches:
Dungeon (3/15)

Altars:
Yredelemnul

Annotations:
D:3 Grinder


Innate Abilities, Weirdness & Mutations

You cannot be hasted, slowed, berserked, paralysed or teleported.
You can dig through walls and to a lower floor.
You have a pair of large antennae on your head. (SInv)
Your four strong arms can wield two-handed weapons with a shield.


Message History

You now have 119 gold pieces (gained 11).
Grinder comes into view.
Grinder shouts!
Grinder is nearby!
Grinder gestures at you. You resist with significant effort.
You slash Grinder!
Grinder is moderately wounded.
Grinder gestures at you. Pain shoots through your body!
You slash Grinder!
Grinder is heavily wounded.
Grinder gestures at you.
Your stasis prevents you from being paralysed.
Grinder drinks a potion.
Grinder seems to grow stronger.
You barely miss Grinder.
Grinder is heavily wounded.
Grinder gestures at you. Pain shoots through your body!
You closely miss Grinder.
Grinder is heavily wounded.
Grinder closely misses you.
You barely miss Grinder.
Grinder is heavily wounded.
Grinder gestures at you. You resist with significant effort.
You block Grinder's attack.
You closely miss Grinder.
Grinder is heavily wounded.
Grinder hits you.
You writhe in agony.
You barely miss Grinder.
Grinder is heavily wounded.
Grinder hits you.
You writhe in agony.
You are too injured to fight recklessly!
You are too injured to fight recklessly!
You slash Grinder!
Grinder is severely wounded.
Grinder hits you!
* * * LOW HITPOINT WARNING * * *
You writhe in agony.
You die...

#.........# .
#####.##.#.##.# ##
##..........##.# #####
.#...#.......)..#.....#
................#.....#
. .....##..#....†.....#
... ... #....##.#.....#
#...#5##.<#.##.#.....#
#....@...#.##.# #####
####..........#
####.####### #.# #.#
#.# #.# #.. ###


You could see Grinder (strong).

Vanquished Creatures
  An orc wizard (D:2)
  4 gnolls (D:2)
  4 adders (D:2)
  A worm (D:2)
  A dart slug (D:1)
  2 orcs (D:2)
  3 endoplasms
  3 giant cockroaches (D:1)
  3 hobgoblins
  5 kobolds
  A quokka (D:2)
  5 ball pythons
  8 bats
  4 frilled lizards
  5 goblins
  3 rats
53 creatures vanquished.

Notes
Turn   | Place    | Note
-------+----------+-------------------------------------------
     0 | D:1      | Arum the Formicid Fighter began the quest for the Orb.
     0 | D:1      | Reached XP level 1. HP: 18/18 MP: 1/1
   108 | D:1      | Reached XP level 2. HP: 23/24 MP: 2/2
   674 | D:1      | Reached XP level 3. HP: 30/30 MP: 3/3
  1050 | D:2      | Reached XP level 4. HP: 31/37 MP: 4/4
  1351 | D:2      | Reached XP level 5. HP: 21/39 MP: 5/5
  1815 | D:2      | Found a basalt altar of Yredelemnul.
  1963 | D:3      | Noticed Grinder
  1974 | D:3      | Slain by Grinder

Illustrated notes

Levels and vault maps discovered:
D:1:      kennysheep_arrival_seaside, layout_basic, lemuel_old_faithful
D:2:      layout_rooms, basic_altar, grunt_ministairs_9
D:3:      layout_loops_cross, uniq_grinder

Skill      XL: |  1  2  3  4 |
---------------+-------------+-----
Fighting       | 4 |  4.5
Armour         | 4 |  4.5
Axes           | 3 |  3.4
Shields        | |  4.0

Action                   |  1- 3 |  4- 6 || total
-------------------------+-------+-------++-------
Melee: War axe           |    80 |    79 ||   159
 Abil: Dig               |       |     2 ||     2
Armor: Scale mail        |    38 |    33 ||    71
Dodge: Dodged            |    45 |    36 ||    81
Block: Buckler           |    23 |    17 ||    40
